 Dungeon Crawl Stone Soup version 0.31-a0-108-gdf935468f2 (webtiles) character file.

Game seed: 17388551436051741244

604 lessens the Cudgeller (level 7, 0/15 (66) HPs)
             Began as an Ogre Reaver on May 27, 2023.
             Was an Initiate of Makhleb.
             Slain by Ijyb
             ... wielding a +7 club
              (4 damage)
             ... while paralysed by Ijyb
             ... on level 5 of the Dungeon.
             The game lasted 00:05:59 (4834 turns).

lessens the Cudgeller (Ogre Reaver)                 Turns: 4834, Time: 00:05:59

HP:   0/15 (66)     AC:  3    Str: 19    XL:     7   Next: 42%
MP:   7/10          EV:  1    Int: 14    God:    Makhleb [......]
Gold: 244           SH:  0    Dex:  7    Spells: 9/10 levels left

rFire   + . .        d - +0 flail
rCold   . . .        (no shield)
rNeg    . . .        b - +0 robe
rPois   .            (helmet restricted)
rElec   .            (no cloak)
rCorr   +            (gloves unavailable)
SInv    .            (boots unavailable)
Will    .....        w - amulet of faith
Stlth   +            l - ring of resist corrosion
HPRegen 0.22/turn    n - ring of protection from fire
MPRegen 0.12/turn

%: faith
@: paralysed, very slightly contaminated, extremely drained
A: large, unfitting armour, tough skin 1
a: Renounce Religion


You were on level 5 of the Dungeon.
You worshipped Makhleb.
Makhleb was noncommittal.
You visited 1 branch of the dungeon, and saw 5 of its levels.

You collected 304 gold pieces.
You spent 60 gold pieces at shops.

Inventory:

Hand Weapons
 a - a +0 mace
 d - a +0 flail (weapon)
Missiles
 h - 16 stones
 k - 5 poisoned darts
 t - 2 boomerangs
Armour
 b - a +0 robe (worn)
 v - a scarf of invisibility
Jewellery
 l - a ring of resist corrosion (left hand)
 n - a ring of protection from fire (right hand)
 s - a ring of ice
 w - an amulet of faith (around neck)
 D - a +5 ring of evasion
 F - a +6 ring of intelligence
Wands
 C - a wand of digging (5)
Scrolls
 e - 5 scrolls of identify {unknown}
 f - 2 scrolls of amnesia {unknown}
 g - 3 scrolls of teleportation {unknown}
 i - a scroll of enchant weapon {unknown}
 m - 2 scrolls of immolation {unknown}
 o - 2 scrolls of enchant armour {unknown}
 q - a scroll of fear {unknown}
 u - a scroll of silence {unknown}
 x - 2 scrolls of fog {unknown}
 y - a scroll of noise {unknown}
 z - a scroll of magic mapping {unknown}
 A - a scroll of poison {unknown}
 E - a scroll of vulnerability {unknown}
Potions
 c - a potion of heal wounds
 j - 2 potions of brilliance {unknown}
 p - 2 potions of curing
 r - a potion of attraction {unknown}
 B - a potion of cancellation {unknown}


   Skills:
 - Level 2.6 Fighting
 + Level 7.6 Maces & Flails
 - Level 1.7 Dodging
 - Level 2.4 Spellcasting
 - Level 2.6 Conjurations


You had 9 spell levels left.
You knew the following spells:

 Your Spells              Type           Power      Damage    Failure   Level
a - Kiss of Death         Conj/Necr      20%        2d7       13%         1

Your spell library contained the following spells:

 Spells                   Type           Power      Damage    Failure   Level
 Momentum Strike          Conj/Tloc      10%        3d8       21%         2
 Slow                     Hex            4%         N/A       22%         1
 Hailstorm                Conj/Ice       5%         3d4       36%         3
 Confusing Touch          Hex            1%         N/A       56%         3
 Summon Guardian Golem    Hex/Summ       1%         N/A       56%         3
 Vampiric Draining        Necr           1%         2d6       56%         3
 Malign Gateway           Summ/Tloc      0%         N/A       100%        7
 Orb of Destruction       Conj           4%         9d5       100%        7
 Spellforged Servitor     Conj/Summ      2%         N/A       100%        7
 Summon Horrible Things   Summ           0%         N/A       100%        8


Dungeon Overview and Level Annotations

Branches:
Dungeon (5/15) Zot: 25125  Temple (0/1) D:4

Altars:
Elyvilon
Makhleb
Trog

Shops:
D:2 !

Annotations:
D:3 1 runed translucent door, Crazy Yiuf
D:5 Ijyb


Innate Abilities, Weirdness & Mutations

You are too large for most types of armour.
You have tough skin. (AC +1)


Message History

The ice beast hits you but does no damage.
Aiming: Kiss of Death (safe; 13% risk of failure)
Press: ? - help, Q - select action, (/) - cycle Shift-Dir - straight line, f/p - ice beast
Aim: an ice beast (severely wounded, heavily drained, 100% to hit)
The negative energy hits the ice beast!
The ice beast is drained!
You kill the ice beast!
Makhleb accepts your kill.
You feel drained.
Your magical contamination has completely faded away.
Magic restored.
Ijyb the Twisted Goblin comes into view.
She is wielding a +7 club, wearing a +1 leather armour of fire resistance and carrying a wand of paralysis (11).
Ijyb is nearby!
Ijyb is nearby!
Aiming: Kiss of Death (safe; 13% risk of failure)
Press: ? - help, Q - select action, (/) - cycle Shift-Dir - straight line, f - Ijyb
Aim: Ijyb, wielding a +7 club, wearing a +1 leather armour of fire resistance and carrying a wand of paralysis (11) (100% to hit)
You miscast Kiss of Death.
You are very lightly contaminated with residual magic.
Nothing appears to happen.
Ijyb hits you with a +7 club!
Aiming: Kiss of Death (safe; 13% risk of failure)
Press: ? - help, Q - select action, (/) - cycle Shift-Dir - straight line, f/p - Ijyb
Aim: Ijyb, wielding a +7 club, wearing a +1 leather armour of fire resistance and carrying a wand of paralysis (11) (100% to hit)
The negative energy hits Ijyb.
Ijyb is drained!
Ijyb is heavily wounded.
You feel drained.
Ijyb screams, "Die!"
Ijyb zaps a wand.
You easily resist.
Aiming: Kiss of Death (safe; 13% risk of failure)
Press: ? - help, Q - select action, (/) - cycle Shift-Dir - straight line, f/p - Ijyb
Aim: Ijyb, wielding a +7 club, wearing a +1 leather armour of fire resistance and carrying a wand of paralysis (10) (heavily wounded, heavily drained, 100% to hit)
The negative energy hits Ijyb!
Ijyb is drained!
Ijyb is almost dead.
You feel drained.
Ijyb zaps a wand.
You suddenly lose the ability to move!
Ijyb hits you with a +7 club. Ijyb hits you with a +7 club!
* * * LOW HITPOINT WARNING * * *
Ijyb hits you with a +7 club.
You die...

.. #.# ##..# #.# #...# # #.#
#.#.# ###.####.# #.#.#
.......#.# ####.#.#
.......#.### ##....#.#
.........##.
#.....#.#########............
#.........#.@g..........####.
#.........#.#####.>..... #<
##...##.#............... #.
##.##..#.#.############ #.
#.##.##.#.# #. #.##.##.#.# #.
#.##.##.... ..# #.
#.##.####.# #.# #.##.# #.#
#.#


You could see Ijyb (very drained).

Vanquished Creatures
  Sigmund (D:3)
  An ice beast (D:5)
  A scorpion (D:5)
  A hound (D:4)
  A sleepcap (D:4)
  Jessica (D:2)
  2 iguanas (D:5)
  Natasha (D:3)
  2 adders
  A gnoll (D:2)
  A white imp (D:5)
  An ufetubus (D:5)
  2 worms
  2 dart slugs
  4 orcs (D:5)
  4 ball pythons
  4 bats
  10 endoplasms
  3 giant cockroaches
  7 goblins
  3 hobgoblins (D:2)
  11 jackals
  6 kobolds
  6 quokkas
  4 frilled lizards (D:1)
  3 rats
83 creatures vanquished.

Vanquished Creatures (others)
  A wizard (D:3)
1 creature vanquished.

Grand Total: 84 creatures vanquished

Notes
Turn   | Place    | Note
-------+----------+-------------------------------------------
     0 | D:1      | lessens the Ogre Reaver began the quest for the Orb.
     0 | D:1      | Reached XP level 1. HP: 22/22 MP: 3/3
   179 | D:1      | Reached skill level 3 in Maces & Flails
   212 | D:1      | Reached XP level 2. HP: 29/29 MP: 5/5
   806 | D:1      | Reached XP level 3. HP: 36/36 MP: 6/6
   992 | D:2      | Reached skill level 4 in Maces & Flails
  1139 | D:2      | Found Kiutyluf's Distillery.
  1148 | D:2      | Bought a potion of heal wounds for 60 gold pieces
  1240 | D:2      | Noticed Jessica
  1246 | D:2      | Killed Jessica
  1247 | D:2      | Reached XP level 4. HP: 35/44 MP: 7/7
  1247 | D:2      | Found a faded altar of an unknown god.
  1817 | D:3      | Reached skill level 5 in Maces & Flails
  1935 | D:3      | Found a burning altar of Makhleb.
  1942 | D:3      | Became a worshipper of Makhleb the Destroyer
  2021 | D:3      | Reached XP level 5. HP: 39/50 MP: 8/8
  2167 | D:3      | Noticed Sigmund
  2188 | D:3      | Killed Sigmund
  2189 | D:3      | Reached skill level 6 in Maces & Flails
  2189 | D:3      | Reached XP level 6. HP: 31/59 MP: 9/9
  2392 | D:3      | Found a bloodstained altar of Trog.
  2395 | D:3      | Noticed a wizard
  2400 | D:3      | Killed a wizard
  2466 | D:3      | Noticed Natasha
  2479 | D:3      | Killed Natasha
  2661 | D:3      | Found a runed translucent door.
  2662 | D:3      | Noticed Crazy Yiuf
  2743 | D:4      | Found a white marble altar of Elyvilon.
  3373 | D:4      | Found a staircase to the Ecumenical Temple.
  3442 | D:5      | Entered Level 5 of the Dungeon
  3448 | D:5      | Noticed an ice beast
  3947 | D:5      | Reached skill level 7 in Maces & Flails
  3947 | D:5      | Reached XP level 7. HP: 19/53 MP: 6/10
  4827 | D:5      | Noticed Ijyb
  4831 | D:5      | Paralysed by Ijyb for 4 turns
  4834 | D:5      | Slain by Ijyb

Illustrated notes

Levels and vault maps discovered:
D:1:      lightli_arrival_windingriver, layout_basic
D:2:      layout_rooms, serial_corexii_hall, corexii_hall_statues_l,
          corexii_hall_statues_t, dreamdust_ecumenical_altar_statues,
          serial_shops, shop, grunt_decor_mini_mirrors, minmay_tromino_v2,
          uniq_jessica
D:3:      layout_rooms, trog_wizard, nicolae_overflow_crystal_walls,
          uniq_crazy_yiuf_cottage, uniq_sigmund, uniq_natasha
D:4:      layout_basic, lemuel_crystal_altar, minmay_temple_entry_offerings
D:5:      layout_loops_ring, uniq_ijyb

Skill      XL: |  1  2  3  4  5  6 |
---------------+-------------------+-----
Maces & Flails | 3 4 5 6 7 |  7.6
Fighting       | |  2.6
Dodging        | |  1.7
Spellcasting   | |  2.4
Conjurations   | |  2.6

Action                     |  1- 3 |  4- 6 |  7- 9 || total
---------------------------+-------+-------+-------++-------
  Melee: Flail             |    79 |   190 |    40 ||   309
         Mace              |     6 |       |       ||     6
   Cast: Kiss of Death     |       |     2 |     5 ||     7
    Use: Potion            |       |     4 |     1 ||     5
 Armour: Robe              |    20 |    49 |     9 ||    78
  Dodge: Dodged            |    48 |    89 |    18 ||   155

Table legend: (Time is in decaauts)
 A = Elapsed time spent in this place.
 B = Non-inter-level travel time spent in this place.
 C = Inter-level travel time spent in this place.
 D = Time resting spent in this place.
 E = Time spent auto-exploring this place.
 F = Levels seen in this place.
 G = Mean time per level.
                   A        B        C        D        E       F      G
               +--------+--------+--------+--------+--------+-----+--------+
         Total |   4873 |   4641 |    232 |      0 |   3861 |   5 |  974.6 |
       Dungeon |   4873 |   4641 |    232 |      0 |   3861 |   5 |  974.6 |
               +--------+--------+--------+--------+--------+-----+--------+

Top non-repeatable levels by time:
     D:5: 1310 daAuts
     D:1: 1035 daAuts
     D:3: 905 daAuts
     D:4: 827 daAuts
     D:2: 794 daAuts

Levels and vault maps discovered:
D:1:      lightli_arrival_windingriver, layout_basic
D:2:      layout_rooms, serial_corexii_hall, corexii_hall_statues_l,
          corexii_hall_statues_t, dreamdust_ecumenical_altar_statues,
          serial_shops, shop, grunt_decor_mini_mirrors, minmay_tromino_v2,
          uniq_jessica
D:3:      layout_rooms, trog_wizard, nicolae_overflow_crystal_walls,
          uniq_crazy_yiuf_cottage, uniq_sigmund, uniq_natasha
D:4:      layout_basic, lemuel_crystal_altar, minmay_temple_entry_offerings
D:5:      layout_loops_ring, uniq_ijyb
